 Dungeon Crawl Stone Soup version 0.27-a0-1188-g73eefd5def (webtiles) character file.

Game seed: 16360998060807084397

114 Sobieck the Sneak (level 5, 0/42 HPs)
             Began as a Kobold Brigand on May 20, 2021.
             Succumbed to an adder's poison
             ... on level 4 of the Dungeon.
             The game lasted 00:06:13 (3771 turns).

Sobieck the Sneak (Kobold Brigand)                  Turns: 3771, Time: 00:06:13

Health: 0/42       AC: 22    Str:  9    XL:     5   Next: 19%
Magic:  5/5        EV:  3    Int: 12    God:
Gold:   229        SH:  0    Dex: 17    Spells: 4/4 levels left

rFire    . . .     SeeInvis .   a - +2 dagger {short}
rCold    . . .     Faith    .   (shield restricted)
rNeg     + + +     Spirit   .   (armour currently unavailable)
rPois    +         Reflect  .   (helmet currently unavailable)
rElec    .         Harm     .   (cloak currently unavailable)
rCorr    .         Rampage  .   (gloves currently unavailable)
Will     .....     NoTele   +   (boots currently unavailable)
Stlth    ++++......             (no amulet)
HPRegen  0.14/turn              (no ring)
MPRegen  0.09/turn              (no ring)

@: lethally poisoned (0 -> -2), tree-form
A: stationary, stasis, torment immunity, boosted hp, small, no large weapons,
nightstalker 3, (claws 1), frail 1, no potion heal 1
a: no special abilities


You were on level 4 of the Dungeon.
You were a tree.
You visited 1 branch of the dungeon, and saw 4 of its levels.

You collected 229 gold pieces.


Innate Abilities, Weirdness & Mutations

You are a tree.
Your roots penetrate the ground, keeping you stationary.
You cannot be teleported.
You are immune to unholy pain and torment.
Your maximum health is greatly increased.
Your equipment is partially melded.
You are small and have problems with some larger weapons.
You are completely attuned to the shadows.
((You have sharp fingernails.))
You are frail. (-10% HP)
Potions are less effective at restoring your health.


   Skills:
 - Level 3.0 Fighting
 + Level 4.6 Short Blades
 - Level 2.1 Throwing
 + Level 2.9 Dodging
 - Level 6.0 Stealth


You had 4 spell levels left.
You didn't know any spells.
Your spell library was empty.

Inventory:

Hand Weapons
 a - a +2 dagger (weapon) {short}
Missiles
 d - 20 poisoned darts (quivered) {throwing}
 e - 2 curare-tipped darts {=fthrowing}
 g - 24 arrows
 h - 23 bolts
 j - 96 stones {throwing}
 r - 13 sling bullets
Armour
 b - a +0 robe (melded)
 c - a +0 cloak (melded)
Magical Staves
 i - a staff of cold {!astaff}
   (You found it on level 1 of the Dungeon)
Wands
 k - a wand of acid (6)
   (You found it on level 3 of the Dungeon)
Scrolls
 n - a scroll of fear {unknown}
Potions
 f - a potion of resistance
 l - a potion of brilliance

Dungeon Overview and Level Annotations

Branches:
Dungeon (4/15)
 Temple: D:4-7

Altars:
Vehumet
The Shining One

Shops:
D:3 [

Annotations:
D:3 2 transporters

,,,,,,...* *,***,,,,,,,,,,,
,,,,,,...##### *,**,,,,,,,,,,,,
,,,,,,.......#****,**,,,,,,,,,,,,
,,,,,,.......+,,,...+.....,,,,,,,
,*****.#.....#***#.##......,,,,,,
,,,,,,.......# #.##......,,,,,,
******.#.#..## #.##.....,,,,,,,
*,#....######.##...#****,**,
*,#.#.....Sā™£.......# *,**,
*,###...#####...#'######,**+
*,,.....# #<#......)...#,,,,
**#####.# #.##.........#,,,, #.#
#.##.........#,,,,
#.###.##.........#,,,,
#..##.##.........#,,,,
#..##.##.........#,**+
#......#.........#,**,


You could see an adder.


Message History

You take 1 damage, and now have 19/32 hp.
Unknown command.
You barely miss the adder.
You feel sick.
You are no longer poisoned.
The adder misses you. šŸ˜® HP[-1]
You take 1 damage, and now have 18/32 hp.
You completely miss the adder. The adder completely misses you.
You hit the adder. The adder closely misses you.
You miss the adder. The adder barely misses you.
You hit the adder but do no damage. The adder misses you.
You hit the adder. The adder barely misses you.
You completely miss the adder. The adder bites you.
* * * LOW HITPOINT WARNING * * *
šŸ˜Ø HP[-2]
You take 2 damage, and now have 16/32 hp.
The adder completely misses you. šŸ˜® HP[+1]
The adder bites you.
* * * LOW HITPOINT WARNING * * *
šŸ˜Ø HP[-3]
You take 3 damage, and now have 14/32 hp.
Throw: 24 darts (poison) {throwing}
Press: ? - help, Q - select action, (/) - cycle Shift-Dir - straight line, f - adder
Aim: an adder (moderately wounded, 44% to hit)
You throw a poisoned dart {throwing}.
The poisoned dart {throwing} barely misses the adder.
The adder bites you.
* * * LOW HITPOINT WARNING * * *
šŸ˜Ø HP[-3]
You take 3 damage, and now have 11/32 hp.
Throw: 23 darts (poison) {throwing}
Press: ? - help, Q - select action, (/) - cycle Shift-Dir - straight line, f/p - adder
Aim: an adder (moderately wounded, 44% to hit)
You throw a poisoned dart {throwing}.
The poisoned dart {throwing} misses the adder.
The adder bites you.
* * * LOW HITPOINT WARNING * * *
The adder bites you.
* * * LOW HITPOINT WARNING * * *
šŸ˜± HP[-3]
You take 3 damage, and now have 8/32 hp.
Throw: 22 darts (poison) {throwing}
Press: ? - help, Q - select action, (/) - cycle Shift-Dir - straight line, f/p - adder
Aim: an adder (moderately wounded, 44% to hit)
You throw a poisoned dart {throwing}.
The poisoned dart {throwing} barely misses the adder.
The adder bites you but does no damage.
Throw: 21 darts (poison) {throwing}
Press: ? - help, Q - select action, (/) - cycle Shift-Dir - straight line, f/p - adder
Aim: an adder (moderately wounded, 44% to hit)
You throw a poisoned dart {throwing}.
The poisoned dart {throwing} barely misses the adder.
The adder bites you.
* * * LOW HITPOINT WARNING * * *
šŸ˜± HP[-2]
You take 2 damage, and now have 6/32 hp.
Unknown command.
It was a potion of mutation.
You feel extremely strange.
Your system partially rejects the healing effects of potions.
You feel frail.
Your fingernails lengthen.
The adder bites you but does no damage.
You now have 28 max hp (-4).
It was a potion of lignification.
You turn into a tree.
Your +0 cloak melds into your body.
Your +0 robe melds into your body.
Your roots penetrate the ground.
The adder bites you.
* * * LOW HITPOINT WARNING * * *
šŸ˜± HP[+2]
You now have 42 max hp (+14).
You regained 2 hp, and now have 8/42 hp.
You closely miss the adder. The adder bites you.
* * * LOW HITPOINT WARNING * * *
You are poisoned.
The adder poisons you! šŸ˜± HP[-2]
You take 2 damage, and now have 6/42 hp.
You hit the adder.
* * * LOW HITPOINT WARNING * * *
You feel sick.
The adder bites you but does no damage. šŸ˜± HP[-1]
You take 1 damage, and now have 5/42 hp.
You hit the adder.
* * * LOW HITPOINT WARNING * * *
You feel sick.
The adder bites you but does no damage. šŸ˜± HP[-1]
You take 1 damage, and now have 4/42 hp.
You barely miss the adder.
* * * LOW HITPOINT WARNING * * *
You feel sick.
The adder barely misses you. šŸ˜± HP[-1]
You take 1 damage, and now have 3/42 hp.
You closely miss the adder.
* * * LOW HITPOINT WARNING * * *
You feel sick. The adder bites you but does no damage.
You barely miss the adder. The adder bites you.
* * * LOW HITPOINT WARNING * * *
šŸ˜± HP[-2]
You take 2 damage, and now have 1/42 hp.
You hit the adder but do no damage.
You die...

Skill      XL: |  1  2  3  4 |
---------------+-------------+-----
Short Blades   | 3 4 |  4.6
Dodging        | 2 |  2.9
Fighting       | 3 |  3.0
Stealth        | 6 |  6.0
Throwing       | |  2.1

Action                   |  1- 3 |  4- 6 || total
-------------------------+-------+-------++-------
Melee: Dagger            |    95 |   109 ||   204
Throw: Dart              |     4 |     9 ||    13
  Use: Scroll            |       |     6 ||     6
       Potion            |       |     2 ||     2
 Stab: Sleeping          |    10 |    22 ||    32
Armor: Robe              |    19 |     7 ||    26
       Skin              |       |     3 ||     3
Dodge: Dodged            |    59 |    50 ||   109

Levels and vault maps discovered:
D:1:      minmay_arrival_hallway, layout_loops_ring, roderic_lattice_a,
          minmay_tree_intersection, minmay_splitting_lines
D:2:      kb_forest_paths, layout_basic
D:3:      layout_basic, jmf_multi_god_temple, gammafunk_ghost_abyssal_escape,
          serial_shops, shop, basic_ecumenical_altar
D:4:      layout_basic, minivault_26, kennysheep_generic_room_15, uniq_eustachio

Notes
Turn   | Place    | Note
-------+----------+-------------------------------------------
     0 | D:1      | Sobieck the Kobold Brigand began the quest for the Orb.
     0 | D:1      | Reached XP level 1. HP: 12/12 MP: 1/1
     0 | D:1      | magus.rc [v1.9.6]
   250 | D:1      | Reached skill level 3 in Short Blades
   251 | D:1      | Reached XP level 2. HP: 14/17 MP: 2/2
   321 | D:1      | Reached skill level 2 in Dodging
   933 | D:1      | Reached skill level 4 in Short Blades
   933 | D:1      | Reached XP level 3. HP: 22/22 MP: 3/3
  1568 | D:2      | Reached XP level 4. HP: 24/27 MP: 4/4
  1781 | D:2      | Reached skill level 3 in Fighting
  1835 | D:2      | Reached skill level 6 in Stealth
  2840 | D:3      | Found Ucsev's Antique Armour Shoppe.
  2885 | D:4      | Reached XP level 5. HP: 32/32 MP: 5/5
  2917 | D:3      | Found a faded altar of an unknown god.
  2973 | D:3      | Found a radiant altar of Vehumet.
  2976 | D:3      | Found a glowing golden altar of the Shining One.
  3078 | D:3      | Found a transporter.
  3266 | D:3      | Found a transporter.
  3291 | D:3      | Noticed a toenail golem
  3760 | D:4      | HP: 8/32 [adder (1)]
  3763 | D:4      | Gained mutation: Potions are less effective at restoring
                  | your health. [potion of mutation]
  3763 | D:4      | Gained mutation: You are frail. (-10% HP) [potion of
                  | mutation]
  3763 | D:4      | Gained mutation: You have sharp fingernails. [potion of
                  | mutation]
  3765 | D:4      | HP: 6/42 [adder (2)]
  3770 | D:4      | HP: 1/42 [adder (2)]
  3771 | D:4      | Succumbed to an adder's poison

Vanquished Creatures
  A gnoll (D:1)
  2 adders
  3 worms (D:2)
  A dart slug (D:1)
  An orc (D:4)
  9 ball pythons
  4 endoplasms
  5 giant cockroaches
  4 goblins
  6 hobgoblins
  11 jackals
  2 kobolds
  2 quokkas
  6 bats
  5 frilled lizards
  6 rats
68 creatures vanquished.

Table legend:
 A = Non-vault XP
 B = Vault XP
 C = Vault XP percentage of total XP
 D = Non-vault monster count
 E = Vault monster count
 F = Vault count percentage of total count
                 A         B        C        D         E       F
            +---------+---------+-------+---------+---------+-------
      Total |     147 |      17 |  10.4 |      60 |       8 |  11.8
            +---------+---------+-------+---------+---------+-------
        D:1 |      55 |       0 |   0.0 |      22 |       0 |   0.0
        D:2 |      53 |      13 |  19.7 |      22 |       6 |  21.4
        D:3 |      22 |       4 |  15.4 |      14 |       2 |  12.5
        D:4 |      17 |       0 |   0.0 |       2 |       0 |   0.0
            +---------+---------+-------+---------+---------+-------

Illustrated notes

Table legend:
 A = Kills in this place as a percentage of kills in entire the game.
 B = Kills by you in this place as a percentage of kills by you in the entire game.
 C = Kills by friends in this place as a percentage of kills by friends in the entire game.
 D = Other kills in this place as a percentage of other kills in the entire game.
 E = Experience gained in this place as a percentage of experience gained in the entire game.
 F = Experience gained in this place divided by the number of levels of this place that you have seen.
                   A       B       C       D       E      F
               +-------+-------+-------+-------+-------+----------------------
         Total | 100.0 | 100.0 |   N/A |   N/A | 100.0 |  41.0
       Dungeon | 100.0 | 100.0 |   N/A |   N/A | 100.0 |  41.0
               +-------+-------+-------+-------+-------+----------------------

Table legend: (Time is in decaauts)
 A = Elapsed time spent in this place.
 B = Non-inter-level travel time spent in this place.
 C = Inter-level travel time spent in this place.
 D = Time resting spent in this place.
 E = Time spent auto-exploring this place.
 F = Levels seen in this place.
 G = Mean time per level.
                   A        B        C        D        E       F      G
               +--------+--------+--------+--------+--------+-----+--------+
         Total |   3734 |   3555 |    179 |     40 |   3013 |   4 |  933.5 |
       Dungeon |   3734 |   3555 |    179 |     40 |   3013 |   4 |  933.5 |
               +--------+--------+--------+--------+--------+-----+--------+

Top non-repeatable levels by time:
     D:2: 1448 daAuts
     D:1: 1284 daAuts
     D:3: 876 daAuts
     D:4: 124 daAuts
